Map: Ice and Chrome LE

Players

RyuKey

  • Race: Terran Terran
  • League: Diamond
  • Spawn Location: 7:00

Esper - Winner!

  • Race: Terran Terran
  • League: Diamond
  • Spawn Location: 1:00

VOD

Have the link to the VOD?

Description

Time

  • Played on: June 21, 2020, 7:21 p.m.
  • Length: 11:51
Show
View Real Time Build Order
Export as new Build Order

RyuKey Terran 

Build Orders:  

Get SALT Encoding   

  12  0:00  SCV  
  13  0:13  SCV  
  14  0:17  Supply Depot  
  14  0:25  SCV  
  15  0:39  Barracks, SCV  
  16  0:46  Refinery  
  16  0:51  SCV  
  17  1:03  SCV  
  18  1:15  SCV  
  19  1:27  Orbital Command  
  19  1:30  Reaper  
  20  1:41  Supply Depot  
  20  1:57  SCV  
  21  2:03  Barracks Reactor  
  21  2:04  Command Center  
  21  2:09  SCV  
  21  2:13  Refinery  
  22  2:21  SCV  
  23  2:26  Factory  
  23  2:33  SCV  
  24  2:45  Marine x2, SCV  
  27  2:57  SCV  
  28  3:03  Marine x2  
  30  3:09  SCV, Supply Depot  
  30  3:11  Factory Tech Lab  
  31  3:13  Starport  
  31  3:19  Orbital Command  
  31  3:21  Marine x2  
  31  3:22  SCV  
  33  3:33  Supply Depot  
  33  3:34  SCV  
  33  3:38  Siege Tank  
  33  3:39  Marine x2  
  39  3:46  SCV  
  40  3:49  SCV  
  40  3:51  Starport Reactor  
  41  3:57  Supply Depot  
  41  3:58  SCV  
  41  4:01  SCV  
  43  4:04  Barracks  
  43  4:10  SCV, Siege Tank  
  47  4:18  SCV  
  47  4:22  SCV  
  47  4:23  Marine x2  
  51  4:29  Engineering Bay  
  51  4:30  Medivac, SCV, Supply Depot  
  54  4:35  SCV  
  55  4:42  SCV  
  56  4:47  Marine x2  
  56  4:50  SCV  
  59  4:54  SCV  
  59  4:55  Viking  
  62  5:00  Marine, Factory Tech Lab  
  62  5:02  SCV, Stimpack  
  62  5:05  Marine  
  62  5:06  SCV  
  66  5:09  Viking  
  68  5:15  Marine  
  68  5:16  SCV  
  68  5:18  Marine  
  70  5:35  Marine  
  71  5:36  Siege Tank  
  74  5:44  Viking  
  74  5:46  Marine  
  74  5:49  SCV  
  77  5:50  Supply Depot  
  74  6:12  Marine  
  74  6:17  Siege Tank  
  78  6:36  Terran Infantry Weapons Level 1  
  78  6:38  Barracks Reactor  
  78  6:45  Command Center  
  78  6:46  Refinery  
  78  6:47  Refinery  
  78  6:54  Combat Shield  
  78  6:58  Supply Depot  
  78  6:59  Supply Depot x2  
  78  7:01  Supply Depot  
  78  7:15  Barracks  
  78  7:16  Barracks  
  78  7:17  Barracks  
  78  7:20  Marine, SCV x2, Siege Tank  
  78  7:22  Engineering Bay  
  84  7:30  Missile Turret  
  84  7:32  SCV  
  84  7:33  Missile Turret  
  84  7:36  Marine x2  
  87  7:38  Marine  
  88  7:48  Terran Infantry Armor Level 1  
  88  7:52  SCV  
  88  7:53  Marine x2  
  88  7:55  Marine, Siege Tank  
  88  7:56  SCV  
  88  7:58  Medivac x2  
  98  8:01  Orbital Command  
  98  8:05  SCV  
  102  8:06  Barracks Reactor  
  102  8:07  Barracks Reactor  
  102  8:11  Marine  
  102  8:12  Barracks Reactor  
  102  8:13  Marine  
  103  8:21  Marine  
  103  8:23  SCV x2  
  106  8:28  Medivac  
  106  8:29  Marine  
  106  8:31  Marine  
  106  8:32  SCV  
  113  8:34  Siege Tank  
  113  8:38  Marine  
  114  8:44  Orbital Command  
  114  8:47  Marine  
  115  8:49  Marine  
  115  8:51  Refinery  
  115  8:55  Refinery, Command Center  
  116  9:01  Marine x7  
  123  9:03  SCV  
  123  9:05  Marine  
  123  9:08  Supply Depot  
  123  9:09  Marine  
  126  9:13  SCV  
  127  9:19  Marine x4  
  130  9:35  Marine x4  
  130  9:37  Viking x2  
  138  9:47  Missile Turret  
  138  9:49  Marine x5  
  138  9:50  Missile Turret  
  138  9:52  SCV  
  144  9:53  Marine, SCV  
  144  9:59  Marine x3  
  150  10:07  Marine x4, SCV  
  150  10:10  Missile Turret  
  154  10:17  Marine x5, Siege Tank  
  154  10:18  Medivac  
  164  10:25  Armory  
  164  10:34  Medivac, SCV  
  140  10:48  SCV  
  113  10:50  Marine x9, Siege Tank  
  113  10:51  Orbital Command  
  125  10:57  SCV x2  
  125  11:00  Medivac  
  125  11:01  SCV  
  130  11:04  Medivac  
  130  11:08  Marine x8  
  132  11:15  Orbital Command  
  132  11:22  SCV  
  132  11:24  Factory  
  136  11:31  Marine x5  
Show
View Real Time Build Order
Export as new Build Order

Esper Terran - Winner!

Build Orders:  

Get SALT Encoding   

  12  0:00  SCV  
  13  0:13  SCV  
  14  0:17  Supply Depot  
  14  0:25  SCV  
  15  0:38  SCV  
  15  0:40  Barracks  
  16  0:50  SCV  
  16  0:52  Refinery  
  17  1:03  SCV  
  18  1:15  SCV  
  19  1:28  Orbital Command  
  19  1:34  Marine  
  20  1:41  Command Center  
  20  1:52  Marine  
  20  1:53  Supply Depot  
  21  1:55  SCV  
  22  2:07  SCV  
  23  2:13  Factory  
  23  2:14  Marine  
  24  2:20  SCV  
  25  2:23  Refinery  
  25  2:32  Marine  
  26  2:45  SCV  
  26  2:50  Marine  
  28  2:56  Factory Tech Lab  
  28  2:59  Starport  
  28  3:00  SCV  
  28  3:01  Orbital Command  
  29  3:06  Supply Depot  
  29  3:07  Marine  
  30  3:16  Siege Tank  
  33  3:20  SCV  
  33  3:25  Marine  
  35  3:27  SCV  
  35  3:32  SCV  
  35  3:33  Engineering Bay  
  37  3:37  Viking  
  37  3:39  SCV  
  40  3:46  SCV  
  41  3:49  Siege Tank, Barracks Tech Lab  
  41  3:55  SCV  
  45  4:02  Missile Turret, SCV  
  46  4:07  SCV  
  46  4:09  Marine, Stimpack  
  48  4:14  SCV  
  48  4:15  Missile Turret  
  49  4:19  SCV  
  49  4:24  Missile Turret  
  50  4:26  SCV  
  39  4:31  Medivac, SCV  
  51  4:36  Refinery  
  54  4:41  Supply Depot  
  54  4:44  Marine, SCV x2  
  57  4:50  Siege Tank  
  60  4:56  SCV x2  
  60  4:58  Missile Turret  
  62  5:05  Command Center  
  62  5:07  Marine  
  62  5:08  SCV x2  
  65  5:20  SCV  
  63  5:39  Missile Turret  
  61  5:59  Missile Turret  
  51  6:13  Marine  
  51  6:14  SCV x2  
  51  6:15  Barracks, Starport Reactor  
  51  6:16  Siege Tank  
  57  6:21  Barracks x2  
  57  6:22  Barracks  
  57  6:23  Combat Shield  
  56  6:26  SCV  
  56  6:31  Marine  
  52  6:48  Orbital Command  
  52  6:49  SCV x2  
  52  6:50  Marine, Siege Tank  
  58  7:06  Missile Turret, SCV  
  58  7:08  Medivac, Marine, Viking  
  61  7:10  Barracks Reactor x4  
  61  7:14  SCV  
  61  7:15  SCV  
  66  7:19  SCV  
  66  7:20  Engineering Bay, Terran Infantry Weapons Level 1  
  66  7:22  Siege Tank  
  70  7:23  Armory  
  70  7:26  Refinery, SCV  
  70  7:27  Factory, SCV  
  72  7:31  Refinery, SCV  
  72  7:33  Refinery  
  72  7:36  Supply Depot x2  
  73  7:37  Supply Depot  
  73  7:38  SCV  
  73  7:39  SCV  
  73  7:40  Medivac  
  73  7:43  SCV  
  78  7:46  Medivac  
  78  7:51  SCV x2  
  82  7:55  SCV  
  83  8:02  Marine x9, Command Center  
  83  8:03  SCV  
  93  8:11  Factory Tech Lab  
  93  8:13  Factory, Missile Turret  
  93  8:17  SCV x3  
  93  8:19  Marine  
  96  8:20  Marine  
  96  8:26  Medivac x2, Marine  
  103  8:27  Marine x4  
  103  8:28  Marine  
  103  8:29  SCV  
  103  8:34  Supply Depot  
  109  8:37  Supply Depot  
  109  8:43  Supply Depot  
  109  8:44  Supply Depot  
  109  8:46  Terran Infantry Armor Level 1  
  109  8:55  Marine x3, SCV x3  
  110  8:56  Supply Depot x2  
  110  9:00  Factory Tech Lab  
  110  9:01  Siege Tank x2  
  110  9:02  Marine x4  
  123  9:05  Marine x2  
  123  9:07  SCV  
  128  9:13  Marine x3  
  128  9:15  Terran Infantry Weapons Level 2  
  130  9:20  Marine  
  131  9:36  Siege Tank x3  
  140  9:48  Sensor Tower  
  140  10:05  Missile Turret, Supply Depot  
  140  10:07  Supply Depot  
  140  10:08  Siege Tank x3  
  140  10:10  Supply Depot x2  
  140  10:11  Supply Depot  
  149  10:16  Command Center  
  149  10:29  Viking x2  
  149  10:30  Supply Depot  
  149  10:31  Marine x2  
  155  10:40  Siege Tank x3  
  139  10:56  Planetary Fortress  
  134  11:12  Marine, Siege Tank x3  
  134  11:13  Marine x8  
  152  11:28  Refinery x2  
  152  11:30  Refinery, Marine  
  152  11:31  Marine x8  
Tags
 
Add a new tag
Caveats
  • Supply blocks, unpowered buildings, or Contaminate may cause inaccurate times.
  • Supply counts are checked every 10 seconds.